 Dungeon Crawl Stone Soup version 0.14.2 (webtiles) character file.

1066 KristoblXynda the Skirmisher (level 7, -2/64 HPs)
             Began as a Green Draconian Monk on June 21, 2022.
             Was a Believer of Yredelemnul.
             Slain by an orc priest
             ... wielding a +0,+0 mace
              (9 damage)
             ... on Level 5 of the Dungeon.
             The game lasted 00:07:21 (4358 turns).

KristoblXynda the Skirmisher (Green Draconian Monk) Turns: 4358, Time: 00:07:21

HP  -2/64        AC  7     Str 15      XL: 7   Next: 60%
MP   8/8         EV 14     Int 11      God: Yredelemnul [**....]
Gold 261         SH  0     Dex 13      Spells:  0 memorised,  6 levels left

rFire  . . .     SeeInvis .       - Unarmed
rCold  . . .     Clarity  .     (armour unavailable)
rNeg   . . .     Conserve .     (no shield)
rPois  +         rCorr    .     (helmet restricted)
rElec  .         rRot     .     (no cloak)
SustAb . .       Spirit   .     l - -1 pair of gloves
rMut   .         Warding  .     u - +0 pair of boots
Saprov . . .     Stasis   .     (no amulet)
MR     .....                    (no ring)
                                h - ring of wizardry

@: short of breath, not resistant to hostile enchantments, fairly stealthy
A: breathe noxious fumes, unfitting armour, poison resistance, AC +6
a: Breathe Noxious Fumes, Animate Remains, Recall Undead Slaves, Injury Mirror,
Renounce Religion


You were on level 5 of the Dungeon.
You worshipped Yredelemnul.
Yredelemnul was pleased with you.
You were not hungry.

You visited 2 branches of the dungeon, and saw 6 of its levels.

You collected 261 gold pieces.

Inventory:

Armour
 f - a +0 buckler
 l - a -1 pair of gloves (worn)
 u - a +0 pair of boots (worn)
Comestibles
 b - 3 bread rations
 g - a meat ration
 n - a rotting chunk of jackal flesh
Scrolls
 a - a scroll of enchant armour {unknown}
 c - 2 scrolls of blinking {unknown}
 d - 2 scrolls of enchant weapon I {unknown}
 e - a scroll of teleportation {unknown}
 j - a scroll of random uselessness {unknown}
 k - 2 scrolls of immolation {unknown}
 m - 3 scrolls of remove curse
 q - a scroll of fog {unknown}
 t - 4 scrolls of amnesia {unknown}
 v - 2 scrolls of magic mapping {unknown}
Jewellery
 h - a ring of wizardry (left hand)
 w - an uncursed ring of ice
Potions
 i - a potion of haste
 o - 2 potions of curing {unknown}
 p - a potion of heal wounds


   Skills:
 + Level 6.3 Fighting
 + Level 5.1 Dodging
 - Level 1.7 Stealth
 + Level 6.3 Unarmed Combat
 + Level 1.3 Invocations


You had 6 spell levels left.
You didn't know any spells.

Dungeon Overview and Level Annotations

Branches:
Dungeon (5/15)             Temple (1/1) D:4

Altars:
Ashenzari
Cheibriados
Dithmenos
Elyvilon
Makhleb
Nemelex Xobeh
Okawaru
Trog
Vehumet
Xom
Yredelemnul
The Shining One


Innate Abilities, Weirdness & Mutations

You can breathe blasts of noxious fumes.
Your lurid green scales are hard (AC +6).
Your body does not fit into most forms of armour.
Your cold-blooded metabolism reacts poorly to cold.
Your system is resistant to poisons.


Message History

You hit the orc priest.
Your tail-slap misses the orc priest.
The orc priest is moderately wounded.
The crimson imp closely misses you. The hobgoblin hits your jackal zombie.
Your jackal zombie is destroyed!
The orc priest invokes the aid of Beogh against you.
Something smites you!
* * * LOW HITPOINT WARNING * * *
The orc priest misses you.
You closely miss the orc priest.
The orc priest is moderately wounded.
The crimson imp barely misses you.
You hit the orc priest.
The orc priest is moderately wounded.
The orc priest hits you but does no damage.
The crimson imp blinks!
You hit the orc priest.
The orc priest is severely wounded.
The orc priest hits you with a mace!
You die...
Your body rises from the dead as a mindless zombie.

#...........................## ..
##...........................#...
##....................♣.........
##................♣###♣♣.........
#.................##.##..........
......#...........# [.#..##......
.....###..........##.##...##.....
....## ##.........♣#'#♣...#.....#
...## ##......@§♣..............
....## ##....###go...............
.....###....## ##................
......#).#...## ##.........).....
.......##.....###................
........##.....#..5.#............
.......#.#.#....#....#......#...#
##........#.>>...######.#...###.#
#...##....####>...# ##...#.###.


You could see an orc priest, a crimson imp and a hobgoblin.

Vanquished Creatures
  2 ice beasts (D:5)
  2 ogres
  A centaur (D:5)
  A scorpion (D:5)
  A hound (D:5)
  3 crimson imps (D:5)
  A jelly (D:5)
  A worker ant (D:5)
  An ogre zombie (D:5)
  A hound skeleton (D:5)
  6 adders
  An orc skeleton (D:5)
  A giant eyeball (D:4)
  2 giant geckos
  An ooze (D:1)
  3 orcs (D:5)
  9 bats
  2 giant cockroaches
  6 hobgoblins
  6 jackals
  8 kobolds
  7 giant newts
  7 goblins
  4 quokkas
  11 rats
88 creatures vanquished.

Vanquished Creatures (collateral kills)
  A rat (D:4)
1 creature vanquished.

Vanquished Creatures (others)
  2 jackal zombies (D:5)
  An orc zombie (D:5)
3 creatures vanquished.

Grand Total: 92 creatures vanquished

Notes
Turn   | Place    | Note
--------------------------------------------------------------
     0 | D:1      | KristoblXynda, the Draconian Monk, began the quest for the Orb.
     0 | D:1      | Reached XP level 1. HP: 19/19 MP: 1/1
    44 | D:1      | Reached XP level 2. HP: 9/26 MP: 2/2
   937 | D:2      | Reached XP level 3. HP: 31/33 MP: 3/3
  1797 | D:3      | Found a radiant altar of Vehumet.
  2190 | D:4      | Found a staircase to the Ecumenical Temple.
  2201 | Temple   | Entered the Ecumenical Temple
  2304 | Temple   | Became a worshipper of Yredelemnul the Dark
  2304 | Temple   | Acquired Yredelemnul's first power
  2304 | Temple   | Acquired Yredelemnul's second power
  2322 | D:4      | Paralysed by a giant eyeball for 4 turns
  2329 | D:4      | Paralysed by a giant eyeball for 3 turns
  2430 | D:4      | Reached XP level 4. HP: 25/41 MP: 4/4
  2584 | D:4      | Noticed an ogre
  2594 | D:4      | Killed an ogre
  2594 | D:4      | Reached XP level 5. HP: 40/47 MP: 5/5
  2875 | D:5      | Entered Level 5 of the Dungeon
  2893 | D:5      | Reached skill level 5 in Fighting
  2893 | D:5      | Reached skill level 5 in Unarmed Combat
  2908 | D:5      | Noticed a centaur
  2926 | D:5      | Killed a centaur
  2926 | D:5      | Reached XP level 6. HP: 31/56 MP: 6/6
  3567 | D:5      | Noticed an ogre
  3589 | D:5      | Killed an ogre
  3589 | D:5      | Your scales start taking on a lurid green colour.
  3589 | D:5      | Gained mutation: Your system is resistant to poisons. [draconian maturity]
  3589 | D:5      | Reached XP level 7. HP: 27/62 MP: 7/7
  3827 | D:5      | Reached skill level 6 in Unarmed Combat
  3978 | D:5      | Noticed an ice beast
  3993 | D:5      | Killed an ice beast
  4144 | D:5      | Reached skill level 1 in Invocations
  4208 | D:5      | Reached skill level 5 in Dodging
  4358 | D:5      | Slain by an orc priest

Action                   |  1- 3 |  4- 6 |  7- 9 || total
-------------------------+-------+-------+-------++-------
Melee: Unarmed           |   156 |   118 |    91 ||   365
Invok: Animate Remains   |       |     3 |     2 ||     5
 Abil: Breathe Noxious F |       |       |     1 ||     1
Evoke: Wand              |     1 |       |       ||     1
  Use: Scroll            |     7 |     1 |       ||     8
       Potion            |       |     3 |       ||     3
 Stab: Sleeping          |     5 |     1 |       ||     6
